AoeStats
← LEDheadlights

Arabia

505512388Analyzed
1v1 RM · 21d ago on Sep 9, 2026· 42m 29s· 2 players
Game mode
Random Map
Map size
Tiny (2 player)
Population
200
Speed
Normal
Resources
Standard
Victory
Conquest
Starting age
Dark Age
Ending age
Imperial Age
RankedLock teamsTeams togetherTeam positionsShared explorationLock speedFull tech treeHidden civsTurbo modeCheats
Victory
Defeat
🇩🇪 Cumans · Germany
1168
+16
🇺🇸 Koreans · United States
1177
-16
Chlodwig von Lunckwitz
6:03 Loom
9:37 Feudal Age
11:05 Double-Bit Axe
11:01 Horse Collar
20:03 Wheelbarrow
20:27 Fletching
26:15 Castle Age
25:20 Padded Archer Armor
25:29 Gold Mining
25:33 Stone Mining
27:10 Bow Saw
27:02 Heavy Plow
26:58 Bodkin Arrow
26:27 Crossbowman
29:15 Ballistics
29:57 Thumb Ring
30:08 Leather Archer Armor
36:28 Imperial Age
34:33 Scale Barding Armor
34:39 Forging
35:11 Bloodlines
38:22 Two-Man Saw
37:50 Chain Barding Armor
38:07 Iron Casting
38:21 Elite Steppe Lancer
40:20 Chemistry
43:40 Plate Barding Armor
LEDheadlights
6:36 Loom
6:57 Loom
9:25 Feudal Age
9:50 Horse Collar
9:56 Double-Bit Axe
9:36 Man-at-Arms
13:41 Town Watch
14:32 Arson
16:16 Scale Mail Armor
16:26 Forging
16:19 Scale Mail Armor
17:19 Forging
19:49 Wheelbarrow
23:00 Castle Age
22:00 Gold Mining
22:35 Fletching
23:21 Crossbowman
24:04 Bodkin Arrow
24:58 Squires
25:21 Elite Skirmisher
29:31 Thumb Ring
31:29 Ballistics
36:17 Heavy Plow
36:29 Bow Saw
39:42 Imperial Age
40:30 Scale Barding Armor
40:42 Chain Mail Armor
41:04 Iron Casting
40:14 Arbalester
40:58 Bracer
Connection lost

Rejoining the realm…

Still unreachable

The connection could not be restored.

Session expired

The server has moved on; the page needs a fresh start.